 Dungeon Crawl Stone Soup version 0.26.1-11-gd32895ea62 (webtiles) character file.

Game seed: 13652731580386626688

184 GenialerGandalf the Chopper (level 5, -2/46 HPs)
             Began as a Hill Orc Fighter on May 29, 2021.
             Slain by an orc wizard
             ... wielding a +0 dagger
              (3 damage)
             ... on level 3 of the Dungeon.
             The game lasted 00:06:04 (2564 turns).

GenialerGandalf the Chopper (Hill Orc Fighter)      Turns: 2564, Time: 00:06:05

Health: -2/46      AC:  7    Str: 20    XL:     5   Next: 64%
Magic:  5/5        EV:  7    Int:  8    God:
Gold:   77         SH:  9    Dex: 10    Spells: 4/4 levels left

rFire    . . .     SeeInvis .   a - +0 war axe
rCold    . . .     Faith    .   c - +0 kite shield
rNeg     . . .     Spirit   .   b - +0 scale mail
rPois    .         Reflect  .   (no helmet)
rElec    .         Harm     .   (no cloak)
rCorr    .         Rampage  .   (no gloves)
Will     .....                  (no boots)
Stlth    ..........             (no amulet)
HPRegen  0.15/turn              (no ring)
MPRegen  0.09/turn              (no ring)

@: no status effects
A: no striking features
a: no special abilities


You were on level 3 of the Dungeon.
You visited 1 branch of the dungeon, and saw 3 of its levels.

You collected 77 gold pieces.

Inventory:

Hand Weapons
 a - a +0 war axe (weapon)
Armour
 b - a +0 scale mail (worn)
 c - a +0 kite shield (worn)
Jewellery
 e - an uncursed ring of resist corrosion {unknown}
Scrolls
 f - 3 scrolls of identify {unknown}
 g - a scroll of fear {unknown}
 i - a scroll of fog {unknown}
 j - 2 scrolls of amnesia
 l - a scroll of enchant weapon {unknown}
 m - 2 scrolls of teleportation {unknown}
Potions
 d - a potion of might
 h - 2 potions of curing {unknown}
 k - a potion of cancellation {unknown}


   Skills:
 + Level 4.0 Fighting
 + Level 5.3 Axes
 + Level 4.1 Armour
 + Level 0.4 Dodging
 + Level 4.3 Shields


You had 4 spell levels left.
You didn't know any spells.
Your spell library was empty.

Dungeon Overview and Level Annotations

Branches:
Dungeon (3/15)

Altars:


Message History

You hear some strange, mumbled words.
A magic dart appears from out of thin air!
The magic dart hits you.
* * * LOW HITPOINT WARNING * * *
Something hits you but does no damage.
You closely miss something. You block something's attack.
You closely miss something. Something hits you.
* * * LOW HITPOINT WARNING * * *
Something hits you but does no damage.
You closely miss something. You block something's attack.
You miss something.
An orc wizard appears from thin air!
Reactivating autopickup.
The orc wizard points at itself and mumbles some strange words.
The orc wizard flickers and vanishes!
Deactivating autopickup; reactivate with Ctrl-A.
Something hits you but does no damage.
You closely miss something. Something hits you.
* * * LOW HITPOINT WARNING * * *
You hit something. Something hits you.
You die...

### ..#
....# #.#.#
#o#.# #o#.#
#{#.# #@#.#
#.#.##
##$...#
#.....#####
#.#..)....#
#....####.#
####.# #.#
#.# #.# #.#
#.#


You could see 2 orcs.

Vanquished Creatures
  Natasha (D:2)
  7 gnolls (D:2)
  3 adders (D:2)
  An ooze (D:2)
  2 worms (D:2)
  A dart slug (D:1)
  2 leopard geckos
  3 orcs (D:3)
  8 goblins
  6 hobgoblins
  6 kobolds
  A quokka (D:2)
  3 bats
  4 frilled lizards
  8 rats
56 creatures vanquished.

Notes
Turn   | Place    | Note
-------+----------+-------------------------------------------
     0 | D:1      | GenialerGandalf the Hill Orc Fighter began the quest for
                  | the Orb.
     0 | D:1      | Reached XP level 1. HP: 19/19 MP: 1/1
   134 | D:1      | Reached skill level 3 in Axes
   134 | D:1      | Reached XP level 2. HP: 23/24 MP: 2/2
   991 | D:2      | Reached XP level 3. HP: 24/33 MP: 3/3
   999 | D:2      | Reached XP level 4. HP: 18/40 MP: 4/4
  1194 | D:2      | Reached skill level 4 in Axes
  1564 | D:2      | Noticed Natasha
  1572 | D:2      | Killed Natasha
  1573 | D:2      | Reached XP level 5. HP: 30/46 MP: 5/5
  1714 | D:2      | Reached skill level 5 in Axes
  2560 | D:3      | HP: 2/46 [something (2)]
  2564 | D:3      | Slain by an orc wizard

Illustrated notes

Levels and vault maps discovered:
D:1:      arrival_zaba_pyramid, layout_basic
D:2:      layout_basic, chequers_avenue, minmay_pentomino_z4, uniq_natasha
D:3:      layout_loops_ring, ashenzari_conservatory_becter, trog_wizard

Skill      XL: |  1  2  3  4  5 |
---------------+----------------+-----
Axes           | 3 4 5 |  5.3
Armour         | 4 |  4.1
Shields        | 4 |  4.3
Fighting       | 4 |  4.0
Dodging        | |  0.4

Action                   |  1- 3 |  4- 6 || total
-------------------------+-------+-------++-------
Melee: War axe           |    68 |   110 ||   178
  Use: Scroll            |       |     1 ||     1
Armor: Scale mail        |    33 |    71 ||   104
Dodge: Dodged            |    31 |    39 ||    70
Block: Kite shield       |    39 |    79 ||   118
